 Dungeon Crawl Stone Soup version 0.18-a0-1418-ga86aa8f (webtiles) character file.

16 Tomstefer the Conjurer (level 2, 0/15 HPs)
             Began as a Tengu Conjurer on Feb 26, 2016.
             Slain by a goblin (4 damage)
             ... on level 1 of the Dungeon.
             The game lasted 00:01:37 (706 turns).

Tomstefer the Conjurer (Tengu Conjurer)              Turns: 706, Time: 00:01:37

Health: 0/15       AC:  2    Str:  8    XL:     2   Next: 58%
Magic:  2/6        EV: 12    Int: 15    God:
Gold:   33         SH:  0    Dex: 14    Spells: 1 memorised, 4 levels left

rFire  . . .     SeeInvis .     f - +0 dagger
rCold  . . .     Gourm    .     a - +0 robe
rNeg   . . .     Faith    .     (no shield)
rPois  .         Spirit   .     (helmet restricted)
rElec  .         Dismiss  .     (no cloak)
rCorr  .         Reflect  .     (no gloves)
SustAt .         Harm     .     (boots unavailable)
MR     .....                    (no amulet)
Stlth  +++.......               (no ring)
                                h - ring of stealth

@: not resistant to hostile enchantments, fairly stealthy
A: beak, talons 3
a: no special abilities


You were on level 1 of the Dungeon.
You were not hungry.

You visited 1 branch of the dungeon, and saw 1 of its levels.

You collected 33 gold pieces.

Inventory:

Hand Weapons
 f - a +0 dagger (weapon)
Armour
 a - a +0 robe (worn)
Jewellery
 h - a ring of stealth (left hand)
Scrolls
 j - a scroll of identify {unknown}
Potions
 d - a potion of brilliance {unknown}
 e - a potion of heal wounds {unknown}
 i - 2 potions of ambrosia {unknown}
Books
 b - a book of Conjurations

   Spells                             Type                      Level
   a - Magic Dart                     Conjuration                  1
   b - Searing Ray                    Conjuration                  2
   c - Dazzling Spray                 Conjuration/Hexes            3
   d - Fulminant Prism                Conjuration/Hexes            4
   e - Iskenderun's Mystic Blast      Conjuration                  4
   f - Iskenderun's Battlesphere      Conjuration/Charms           5
Comestibles
 c - a bread ration
 g - 2 chunks of flesh


   Skills:
 - Level 2.1 Dodging
 - Level 2.0 Stealth
 - Level 2.0 Spellcasting
 + Level 6.2 Conjurations


You had 4 spell levels left.
You knew the following spells:

 Your Spells              Type           Power        Failure   Level  Hunger
a - Magic Dart            Conj           ###.         1%          1    #......


Dungeon Overview and Level Annotations

Branches:
Dungeon (1/15)

Altars:


Innate Abilities, Weirdness & Mutations

You have a beak for a mouth.
You have claws for feet.


Message History

The bat closely misses you. The bat hits you but does no damage.
The goblin hits you.
* * * LOW HITPOINT WARNING * * *
You closely miss the goblin. Your kick misses the goblin.
The goblin is severely wounded.
The bat closely misses you. The goblin misses you.
You hit the goblin but do no damage. You claw the goblin, but do no damage.
The goblin is severely wounded.
The goblin closely misses you. The bat hits you but does no damage.
You hit the goblin but do no damage.
The goblin is severely wounded.
The bat misses you. The goblin closely misses you.
You hit the goblin but do no damage. You peck the goblin, but do no damage.
The goblin is severely wounded.
The bat hits you but does no damage. x2
The goblin hits you but does no damage.
You hit the goblin but do no damage. Your kick misses the goblin.
The goblin is severely wounded.
The bat closely misses you. The goblin hits you.
You die...

#. #### ##.# ... ...
######.## #####
#.#.......#########....
#....%..#..............
###.##†...# ######.###
# #g#.## #.# #
#@...#########.# #
#..............###
##b..########.....
##.## #..÷..## #.#
####.....## ##.##
#..).......
##...###.##.....##
#.#......##.......
##.#.#######..####


You could see a goblin and a bat.

Vanquished Creatures
  A dart slug (D:1)
  3 bats (D:1)
  A goblin (D:1)
  4 hobgoblins (D:1)
  2 jackals (D:1)
  2 rats (D:1)
13 creatures vanquished.

Notes
Turn   | Place    | Note
--------------------------------------------------------------
     0 | D:1      | Tomstefer the Tengu Conjurer began the quest for the Orb.
     0 | D:1      | Reached XP level 1. HP: 10/10 MP: 4/4
   170 | D:1      | Reached XP level 2. HP: 4/15 MP: 0/6
   616 | D:1      | Reached skill level 6 in Conjurations
   706 | D:1      | Slain by a goblin

Vault maps used:
D:1:      minmay_arrival_jagged

Skill      XL: |  1  2 |
---------------+-------+-----
Conjurations   | 6 |  6.2
Dodging        | |  2.1
Stealth        | |  2.0
Spellcasting   | |  2.0

Action                   || total
-------------------------++-------
Melee: Club              ||     2
       Dagger            ||    21
 Cast: Magic Dart        ||    26
